Workbook

Sheet Dashboard
B2: FAMILY BUDGET TEMPLATE
B3: DASHBOARD
B6: MONTHLY SUMMARY
D8: January | E8: February | F8: March | G8: April | H8: May | I8: June | J8: July | K8: August | L8: September | M8: October | N8: November | O8: December | P8: TOTAL
B9: Total Income | C9: : | D9: =Income!D$20 -> 9750 | E9: =Income!E$20 -> 12350 | F9: =Income!F$20 -> 10650 | G9: =Income!G$20 -> 8600 | H9: =Income!H$20 -> 10150 | I9: =Income!I$20 -> 8400 | J9: =Income!J$20 -> 10350 | K9: =Income!K$20 -> 10450 | ... O9: =Income!O$20 -> 4650 | P9: =SUM(D9:O9) -> 118015
B10: Total Expenses | C10: : | D10: =Expenses!D$7 -> 4620 | E10: =Expenses!E$7 -> 2945 | F10: =Expenses!F$7 -> 3330 | G10: =Expenses!G$7 -> 3650 | H10: =Expenses!H$7 -> 4005 | I10: =Expenses!I$7 -> 6245 | J10: =Expenses!J$7 -> 4120 | K10: =Expenses!K$7 -> 3980 | ... O10: =Expenses!O$7 -> 3950 | P10: =SUM(D10:O10) -> 48445
B11: Balance | C11: : | D11: =D9-D10 -> 5130 | E11: =E9-E10 -> 9405 | F11: =F9-F10 -> 7320 | G11: =G9-G10 -> 4950 | H11: =H9-H10 -> 6145 | I11: =I9-I10 -> 2155 | J11: =J9-J10 -> 6230 | K11: =K9-K10 -> 6470 | ... P11: =P9-P10 -> 69570
B13: TOTAL INCOME AND EXPENSES
B30: EXPENSE DETAILS
B32: Home Expenses | C32: : | D32: =Expenses!$Q$10 -> 11060 | F32: =IFERROR(D32/$D$48,"-") -> 0.22830013
B33: Daily Living | C33: : | D33: =Expenses!$Q$27 -> 3340 | F33: =IFERROR(D33/$D$48,"-") -> 0.068944163
B34: Transportation | C34: : | D34: =Expenses!$Q$39 -> 2920 | F34: =IFERROR(D34/$D$48,"-") -> 0.060274538
B35: Children | C35: : | D35: =Expenses!$Q$49 -> 5360 | F35: =IFERROR(D35/$D$48,"-") -> 0.11064093
B36: Health | C36: : | D36: =Expenses!$Q$59 -> 1840 | F36: =IFERROR(D36/$D$48,"-") -> 0.037981216
B37: Insurance | C37: : | D37: =Expenses!$Q$68 -> 1595 | F37: =IFERROR(D37/$D$48,"-") -> 0.032923934
B38: Education | C38: : | D38: =Expenses!$Q$75 -> 325 | F38: =IFERROR(D38/$D$48,"-") -> 0.0067086387
B39: Charity / Gifts | C39: : | D39: =Expenses!$Q$81 -> 595 | F39: =IFERROR(D39/$D$48,"-") -> 0.012281969
B40: Savings | C40: : | D40: =Expenses!$Q$87 -> 5400 | F40: =IFERROR(D40/$D$48,"-") -> 0.11146661
B41: Obligations | C41: : | D41: =Expenses!$Q$95 -> 10550 | F41: =IFERROR(D41/$D$48,"-") -> 0.21777273
B42: Business Expense | C42: : | D42: =Expenses!$Q$106 -> 180 | F42: =IFERROR(D42/$D$48,"-") -> 0.0037155537
B43: Entertainment | C43: : | D43: =Expenses!$Q$112 -> 1850 | F43: =IFERROR(D43/$D$48,"-") -> 0.038187635
B44: Pets | C44: : | D44: =Expenses!$Q$127 -> 1420 | F44: =IFERROR(D44/$D$48,"-") -> 0.02931159
B45: Subscriptions | C45: : | D45: =Expenses!$Q$133 -> 270 | F45: =IFERROR(D45/$D$48,"-") -> 0.0055733306
B46: Vacation | C46: : | D46: =Expenses!$Q$142 -> 1300 | F46: =IFERROR(D46/$D$48,"-") -> 0.026834555
B47: Miscellaneous | C47: : | D47: =Expenses!$Q$150 -> 440 | F47: =IFERROR(D47/$D$48,"-") -> 0.0090824647
B48: TOTAL | C48: : | D48: =SUM(D32:E47) -> 48445 | F48: =SUM(F32:F47) -> 1
B50: MONTHLY BALANCE

Sheet Income
C2: FAMILY BUDGET TEMPLATE
C3: INCOME
D6: January | E6: February | F6: March | G6: April | H6: May | I6: June | J6: July | K6: August | L6: September | M6: October | N6: November | O6: December
B7: REGULAR INCOMES | C7: Wage - 1 | D7: 4500 | E7: 4500 | F7: 4500 | G7: 4500 | H7: 4500 | I7: 4500 | J7: 4500 | K7: 4500 | L7: 4500 | M7: 4500 | N7: 4500 | O7: 0
C8: Wage - 2 | D8: 3500 | E8: 3500 | F8: 3500 | G8: 3500 | H8: 3500 | I8: 1500 | J8: 3500 | K8: 3500 | L8: 3500 | M8: 3500 | N8: 3500 | O8: 3500
C9: Rental Income | E9: 0 | F9: 0 | G9: 0 | H9: 0 | I9: 0 | J9: 0 | K9: 0 | L9: 0 | M9: 0 | N9: 0 | O9: 0
C10: Interest Etc. | D10: 0 | E10: 0 | F10: 0 | G10: 0 | H10: 0 | I10: 0 | J10: 0 | K10: 0 | L10: 15 | M10: 0 | N10: 0 | O10: 0
C11: Other - 1 | D11: 0 | E11: 3250 | F11: 0 | G11: 0 | H11: 0 | I11: 0 | J11: 0 | K11: 0 | L11: 0 | M11: 0 | N11: 0 | O11: 0
C12: Other - 2 | D12: 0 | E12: 0 | F12: 0 | G12: 0 | H12: 0 | I12: 0 | J12: 0 | K12: 0 | L12: 0 | M12: 0 | N12: 0 | O12: 0
B14: IRREGULAR INCOMES | C14: Bonus | D14: 1000 | E14: 1000 | F14: 1000 | G14: 500 | H14: 1500 | I14: 2250 | J14: 1000 | K14: 1500 | L14: 1500 | M14: 3000 | N14: 1500 | O14: 1000
C15: Gift | D15: 0 | E15: 0 | F15: 1500 | G15: 0 | H15: 500 | I15: 0 | J15: 1250 | K15: 0 | L15: 0 | M15: 0 | N15: 2250 | O15: 0
C16: Chance Games | D16: 500 | E16: 0 | F16: 0 | G16: 0 | H16: 0 | I16: 0 | J16: 0 | K16: 750 | L16: 0 | M16: 0 | N16: 0 | O16: 0
C17: Other - 1 | D17: 250 | E17: 100 | F17: 150 | G17: 100 | H17: 150 | I17: 150 | J17: 100 | K17: 200 | L17: 150 | M17: 100 | N17: 150 | O17: 150
C18: Other - 2 | D18: 0 | E18: 0 | F18: 0 | G18: 0 | H18: 0 | I18: 0 | J18: 0 | K18: 0 | L18: 0 | M18: 0 | N18: 0 | O18: 0
B20: INCOMES TOTAL : | D20: =SUM(D7:D12,D14:D18) -> 9750 | E20: =SUM(E7:E12,E14:E18) -> 12350 | F20: =SUM(F7:F12,F14:F18) -> 10650 | G20: =SUM(G7:G12,G14:G18) -> 8600 | H20: =SUM(H7:H12,H14:H18) -> 10150 | I20: =SUM(I7:I12,I14:I18) -> 8400 | J20: =SUM(J7:J12,J14:J18) -> 10350 | K20: =SUM(K7:K12,K14:K18) -> 10450 | ... O20: =SUM(O7:O12,O14:O18) -> 4650

Sheet Expenses
B2: FAMILY BUDGET TEMPLATE
B3: EXPENSES
D6: January | E6: February | F6: March | G6: April | H6: May | I6: June | J6: July | K6: August | L6: September | M6: October | N6: November | O6: December | Q6: TOTAL
B7: EXPENSES TOTAL | D7: =SUM(D10,D27,D39,D49,D59,D68,D75,D81,D87,D95,D106,D112,D127,D133,D142,D150) -> 4620 | E7: =SUM(E10,E27,E39,E49,E59,E68,E75,E81,E87,E95,E106,E112,E127,E133,E142,E150) -> 2945 | F7: =SUM(F10,F27,F39,F49,F59,F68,F75,F81,F87,F95,F106,F112,F127,F133,F142,F150) -> 3330 | G7: =SUM(G10,G27,G39,G49,G59,G68,G75,G81,G87,G95,G106,G112,G127,G133,G142,G150) -> 3650 | H7: =SUM(H10,H27,H39,H49,H59,H68,H75,H81,H87,H95,H106,H112,H127,H133,H142,H150) -> 4005 | I7: =SUM(I10,I27,I39,I49,I59,I68,I75,I81,I87,I95,I106,I112,I127,I133,I142,I150) -> 6245 | J7: =SUM(J10,J27,J39,J49,J59,J68,J75,J81,J87,J95,J106,J112,J127,J133,J142,J150) -> 4120 | K7: =SUM(K10,K27,K39,K49,K59,K68,K75,K81,K87,K95,K106,K112,K127,K133,K142,K150) -> 3980 | ... O7: =SUM(O10,O27,O39,O49,O59,O68,O75,O81,O87,O95,O106,O112,O127,O133,O142,O150) -> 3950 | Q7: =SUM(D7:O7) -> 48445
B10: HOME EXPENSES / TOTAL | D10: =SUM(D11:D25) -> 965 | E10: =SUM(E11:E25) -> 965 | F10: =SUM(F11:F25) -> 965 | G10: =SUM(G11:G25) -> 1060 | H10: =SUM(H11:H25) -> 1030 | I10: =SUM(I11:I25) -> 850 | J10: =SUM(J11:J25) -> 850 | K10: =SUM(K11:K25) -> 805 | ... O10: =SUM(O11:O25) -> 835 | Q10: =SUM(D10:O10) -> 11060
B11: Mortgage / Rent | D11: 750 | E11: 750 | F11: 750 | G11: 750 | H11: 750 | I11: 750 | J11: 750 | K11: 750 | L11: 750 | M11: 750 | N11: 750 | O11: 750
B12: Electricity | D12: 55 | E12: 55 | F12: 55 | G12: 65 | H12: 55 | I12: 55 | J12: 55 | K12: 55 | L12: 55 | M12: 55
B13: Gas / Oil | D13: 120 | E13: 120 | F13: 120 | G13: 120 | H13: 120 | M13: 120
B14: Water/Sewer/Trash | D14: 40 | E14: 40 | F14: 40 | G14: 55 | H14: 40 | M14: 40
B15: Home Telephone | G15: 25 | H15: 20 | M15: 45
B16: Mobile Telephone | G16: 45 | H16: 45 | I16: 45 | J16: 45 | M16: 85 | N16: 85 | O16: 85
B17: Internet
B18: Cable / Satellite
B19: Lawn / Garden
B20: Home Supplies
B21: Maintenance
B22: Improvements
B23: Furnishings / Appliances
B24: Home Security
B25: Other
B27: DAILY LIVING / TOTAL | D27: =SUM(D28:D37) -> 10 | E27: =SUM(E28:E37) -> 35 | F27: =SUM(F28:F37) -> 10 | G27: =SUM(G28:G37) -> 325 | H27: =SUM(H28:H37) -> 45 | I27: =SUM(I28:I37) -> 2250 | J27: =SUM(J28:J37) -> 75 | K27: =SUM(K28:K37) -> 0 | ... O27: =SUM(O28:O37) -> 120 | Q27: =SUM(D27:O27) -> 3340
B28: Groceries | D28: 10 | E28: 35 | F28: 10 | G28: 35 | H28: 10 | I28: 35 | J28: 10 | M28: 10 | N28: 35 | O28: 10
B29: Personal Supplies | G29: 65 | H29: 15 | I29: 65 | J29: 15 | M29: 15 | N29: 65 | O29: 15
B30: Clothing | G30: 225 | H30: 20 | I30: 150 | J30: 20 | M30: 20 | N30: 225 | O30: 20
B31: Cleaning Services | I31: 2000 | J31: 30 | M31: 50 | N31: 50 | O31: 75
B32: Dining/Eating Out
B33: Dry Cleaning
B34: Salon/Barber
B35: Housecleaning Service
B36: Other - 1
B37: Other - 2
B39: TRANSPORTATION / TOTAL | D39: =SUM(D40:D47) -> 290 | E39: =SUM(E40:E47) -> 150 | F39: =SUM(F40:F47) -> 150 | G39: =SUM(G40:G47) -> 290 | H39: =SUM(H40:H47) -> 290 | I39: =SUM(I40:I47) -> 290 | J39: =SUM(J40:J47) -> 290 | K39: =SUM(K40:K47) -> 290 | ... O39: =SUM(O40:O47) -> 290 | Q39: =SUM(D39:O39) -> 2920
B40: Vehicle Payments | D40: 20 | E40: 20 | F40: 20 | G40: 20 | H40: 20 | I40: 20 | J40: 20 | K40: 20 | L40: 20 | M40: 20 | N40: 20 | O40: 20
B41: Fuel | D41: 130 | E41: 130 | F41: 130 | G41: 130 | H41: 130 | I41: 130 | J41: 130 | K41: 130 | L41: 130 | M41: 130 | N41: 130 | O41: 130
B42: Bus/Taxi/Train Fare | D42: 140 | G42: 140 | H42: 140 | I42: 140 | J42: 140 | K42: 140 | L42: 140 | O42: 140
B43: Repairs
B44: Registration / License
B45: Parking
B46: Car Wash
B47: Other
B49: CHILDREN / TOTAL | D49: =SUM(D50:D57) -> 540 | E49: =SUM(E50:E57) -> 380 | F49: =SUM(F50:F57) -> 60 | G49: =SUM(G50:G57) -> 60 | H49: =SUM(H50:H57) -> 540 | I49: =SUM(I50:I57) -> 540 | J49: =SUM(J50:J57) -> 540 | K49: =SUM(K50:K57) -> 540 | ... O49: =SUM(O50:O57) -> 540 | Q49: =SUM(D49:O49) -> 5360
B50: Medical | D50: 60 | E50: 60 | F50: 60 | G50: 60 | H50: 60 | I50: 60 | J50: 60 | K50: 60 | L50: 60 | M50: 60 | N50: 60 | O50: 60
B51: Clothing | D51: 360 | E51: 200 | H51: 360 | I51: 360 | J51: 360 | K51: 360 | L51: 360 | M51: 360 | N51: 360 | O51: 360
B52: School Tuition | D52: 120 | E52: 120 | H52: 120 | I52: 120 | J52: 120 | K52: 120 | L52: 120 | M52: 120 | N52: 120 | O52: 120
B53: School Lunch
B54: School Supplies
B55: Babysitting
B56: Toys/Games
B57: Other
B59: HEALTH / TOTAL | D59: =SUM(D60:D66) -> 150 | E59: =SUM(E60:E66) -> 150 | F59: =SUM(F60:F66) -> 150 | G59: =SUM(G60:G66) -> 150 | H59: =SUM(H60:H66) -> 150 | I59: =SUM(I60:I66) -> 205 | J59: =SUM(J60:J66) -> 135 | K59: =SUM(K60:K66) -> 150 | ... O59: =SUM(O60:O66) -> 150 | Q59: =SUM(D59:O59) -> 1840
B60: Doctor/Dentist | D60: 100 | E60: 100 | F60: 100 | G60: 100 | H60: 100 | I60: 100 | J60: 100 | K60: 100 | L60: 100 | M60: 100 | N60: 100 | O60: 100
B61: Medicine/Drugs | D61: 50 | E61: 50 | F61: 50 | G61: 50 | H61: 50 | I61: 50 | J61: 35 | K61: 50 | L61: 50 | M61: 50 | N61: 50 | O61: 50
B62: Health Club Dues | G62: 0 | H62: 0 | I62: 55 | J62: 0 | K62: 0 | L62: 0 | M62: 0
B63: Emergency
B64: Health club dues
B65: Prescriptions
B66: Sports Equipment
B68: INSURANCE / TOTAL | D68: =SUM(D69:D73) -> 165 | E68: =SUM(E69:E73) -> 110 | F68: =SUM(F69:F73) -> 110 | G68: =SUM(G69:G73) -> 165 | H68: =SUM(H69:H73) -> 165 | I68: =SUM(I69:I73) -> 110 | J68: =SUM(J69:J73) -> 110 | K68: =SUM(K69:K73) -> 110 | ... O68: =SUM(O69:O73) -> 110 | Q68: =SUM(D68:O68) -> 1595
B69: Auto Insurance | D69: 110 | E69: 110 | F69: 110 | G69: 110 | H69: 110 | I69: 110 | J69: 110 | K69: 110 | L69: 110 | M69: 110 | N69: 110 | O69: 110
B70: Health Insurance | D70: 55 | G70: 55 | H70: 55 | L70: 55 | M70: 55
B71: Home Insurance
B72: Life Insurance
B73: Other
B75: EDUCATION / TOTAL | D75: =SUM(D76:D79) -> 0 | E75: =SUM(E76:E79) -> 15 | F75: =SUM(F76:F79) -> 0 | G75: =SUM(G76:G79) -> 10 | H75: =SUM(H76:H79) -> 25 | I75: =SUM(I76:I79) -> 35 | J75: =SUM(J76:J79) -> 70 | K75: =SUM(K76:K79) -> 25 | ... O75: =SUM(O76:O79) -> 85 | Q75: =SUM(D75:O75) -> 325
B76: Music Lessons | D76: 0 | E76: 15 | F76: 0 | G76: 10 | H76: 25 | I76: 25 | J76: 20 | K76: 25 | L76: 15 | M76: 15 | N76: 20 | O76: 40
B77: Tuition | D77: 0 | E77: 0 | I77: 10 | J77: 50 | N77: 10 | O77: 45
B78: Books
B79: Other
B81: CHARITY / GIFTS / TOTAL | D81: =SUM(D82:D85) -> 50 | E81: =SUM(E82:E85) -> 0 | F81: =SUM(F82:F85) -> 0 | G81: =SUM(G82:G85) -> 0 | H81: =SUM(H82:H85) -> 65 | I81: =SUM(I82:I85) -> 60 | J81: =SUM(J82:J85) -> 70 | K81: =SUM(K82:K85) -> 80 | ... O81: =SUM(O82:O85) -> 55 | Q81: =SUM(D81:O81) -> 595
B82: Gifts Given | D82: 40 | H82: 40 | I82: 40 | J82: 40 | K82: 40 | L82: 40 | M82: 40 | N82: 40 | O82: 40
B83: Charitable Donations | D83: 10 | H83: 25 | I83: 20 | J83: 30 | K83: 40 | L83: 25 | M83: 45 | N83: 25 | O83: 15
B84: Religious Donations
B85: Other
B87: SAVINGS / TOTAL | D87: =SUM(D88:D93) -> 25 | E87: =SUM(E88:E93) -> 25 | F87: =SUM(F88:F93) -> 625 | G87: =SUM(G88:G93) -> 525 | H87: =SUM(H88:H93) -> 525 | I87: =SUM(I88:I93) -> 525 | J87: =SUM(J88:J93) -> 625 | K87: =SUM(K88:K93) -> 625 | ... O87: =SUM(O88:O93) -> 625 | Q87: =SUM(D87:O87) -> 5400
B88: Emergency Fund | D88: 25 | E88: 25 | F88: 25 | G88: 25 | H88: 25 | I88: 25 | J88: 25 | K88: 25 | L88: 25 | M88: 25 | N88: 25 | O88: 25
B89: Transfer to Savings | F89: 500 | G89: 500 | H89: 500 | I89: 500 | J89: 500 | K89: 500 | L89: 500 | M89: 500 | O89: 500
B90: Retirement (401k, IRA) | F90: 100 | J90: 100 | K90: 100 | L90: 100 | M90: 100 | O90: 100
B91: Investments
B92: College
B93: Other
B95: OBLIGATIONS / TOTAL | D95: =SUM(D96:D104) -> 900 | E95: =SUM(E96:E104) -> 900 | F95: =SUM(F96:F104) -> 900 | G95: =SUM(G96:G104) -> 900 | H95: =SUM(H96:H104) -> 900 | I95: =SUM(I96:I104) -> 900 | J95: =SUM(J96:J104) -> 900 | K95: =SUM(K96:K104) -> 900 | ... O95: =SUM(O96:O104) -> 650 | Q95: =SUM(D95:O95) -> 10550
B96: Student Loan
B97: Other Loan
B98: Credit Card - 1 | D98: 650 | E98: 650 | F98: 650 | G98: 650 | H98: 650 | I98: 650 | J98: 650 | K98: 650 | L98: 650 | M98: 650 | N98: 650 | O98: 650
B99: Credit Card - 2 | D99: 250 | E99: 250 | F99: 250 | G99: 250 | H99: 250 | I99: 250 | J99: 250 | K99: 250 | L99: 250 | M99: 250 | N99: 250
B100: Alimony/Child Support
B101: Federal Taxes
B102: State/Local Taxes
B103: Legal Fees
B104: Other
B106: BUSINESS EXPENSE / TOTAL | D106: =SUM(D107:D110) -> 0 | E106: =SUM(E107:E110) -> 0 | F106: =SUM(F107:F110) -> 20 | G106: =SUM(G107:G110) -> 20 | H106: =SUM(H107:H110) -> 20 | I106: =SUM(I107:I110) -> 10 | J106: =SUM(J107:J110) -> 10 | K106: =SUM(K107:K110) -> 20 | ... O106: =SUM(O107:O110) -> 20 | Q106: =SUM(D106:O106) -> 180
B107: Deductible Expenses | F107: 10 | G107: 10 | H107: 10 | I107: 10 | J107: 10 | K107: 10 | L107: 10 | M107: 10 | N107: 10 | O107: 10
B108: Non-Deductible Expenses | F108: 10 | G108: 10 | H108: 10 | K108: 10 | L108: 10 | M108: 10 | N108: 10 | O108: 10
B109: Other
B110: Other
B112: ENTERTAINMENT / TOTAL | D112: =SUM(D113:D125) -> 25 | E112: =SUM(E113:E125) -> 25 | F112: =SUM(F113:F125) -> 245 | G112: =SUM(G113:G125) -> 25 | H112: =SUM(H113:H125) -> 25 | I112: =SUM(I113:I125) -> 245 | J112: =SUM(J113:J125) -> 245 | K112: =SUM(K113:K125) -> 245 | ... O112: =SUM(O113:O125) -> 245 | Q112: =SUM(D112:O112) -> 1850
B113: Videos / DVDs | D113: 25 | E113: 25 | F113: 25 | G113: 25 | H113: 25 | I113: 25 | J113: 25 | K113: 25 | L113: 25 | M113: 25 | N113: 25 | O113: 25
B114: Music | F114: 30 | I114: 30 | J114: 30 | K114: 30 | L114: 30 | M114: 30 | N114: 30 | O114: 30
B115: Games | F115: 55 | I115: 55 | J115: 55 | K115: 55 | O115: 55
B116: Rentals | F116: 15 | I116: 15 | J116: 15 | K116: 15 | O116: 15
...
